[Event "*** Titled Tuesday Blitz"]
[Site "Chess.com"]
[Date "2021.02.09"]
[Round "3"]
[White "DanielDardha2005"]
[Black "rugbyclub"]
[Result "0-1"]
[WhiteElo "2698"]
[BlackElo "2309"]
[TimeControl "180+1"]
[EndTime "10:29:01 PST"]
[Termination "rugbyclub won by checkmate"]

1. d4 Nf6 2. Bg5 g6 3. Bxf6 exf6 4. e3 Bg7 5. g3 d6 6. Bg2 f5 7. Ne2 O-O 8. O-O Nc6 9. Nd2 h5 10. h4 Re8 11. a3 a5 12. b3 d5 13. c4 dxc4 14. bxc4 Ne7 15. Rb1 c6 16. Nf4 Kh7 17. c5 Ng8 18. Nc4 Nf6 19. Nd6 Re7 20. Rb6 Ne4 21.
Bxe4 fxe4 22. Qb1 Rc7 23. Nxc8 Qxc8 24. Qxe4 Qg4 25. Rfb1 Qd7 26. a4 Re8 27. Qc2 Re7 28. Nxh5 Qg4 29. Nf4 Kg8 30. Qe2 Qf5 31. Qd3 Qg4 32.
Kg2 Qd7 33. Qc3 Re4 34. Qxa5 Bxd4 35. Rd1 Rxf4 36. exf4 Qd5+ 37. f3 Qe6 38. Rxd4 Qe2+ 39.
Kh3 Qf1+ 40. Kg4 f5+ 41. Kg5 Qxf3 42. Kf6 Rf7+ 43. Ke6 Qe3+ 44. Kd6 Qxd4+ 45. Ke6 Qd5# 0-1

[Event "*** Titled Tuesday Blitz"]
[Site "Chess.com"]
[Date "2021.02.09"]
[Round "3"]
[White "Hypercar"]
[Black "MarceloPlaya"]
[Result "1-0"]
[WhiteElo "2512"]
[BlackElo "2290"]
[TimeControl "180+1"]
[EndTime "10:29:01 PST"]
[Termination "Hypercar won on time"]

1. d4 e6 2. c4 Nf6 3. Nf3 Bb4+ 4. Nbd2 O-O 5. e3 b6 6. Be2 Bb7 7. O-O Ne4 8. a3 Bxd2 9. Nxd2 Nxd2 10. Qxd2 d6 11. f3 Nd7 12. b4 a5 13. Bb2 Qe7 14.
Bd3 e5 15. d5 f5 16. Kh1 e4 17.
fxe4 fxe4 18. Bc2 Rxf1+ 19. Rxf1 axb4 20. axb4 Rf8 21. Rxf8+ Kxf8 22. Qf2+ Nf6 23. Qf5 b5 24. cxb5 Bxd5 25. h3 Qe6 26. Qxe6 Bxe6 27. Bxf6 gxf6 28. Bxe4 Bc4 29. Bxh7 Bxb5 30. Kg1 Bd7 31. Bd3 c5 32. bxc5 dxc5 33. Kf2 Ke7 34. Kg3 Kd6 35. Kf4 Kd5 36. g4 c4 37. Bc2 Kc5 38. h4 Kb4 39. h5 Ba4 40. Bxa4 Kxa4 41. h6 c3 42. h7 c2 43.
h8=Q c1=Q 44. Qa8+ Kb5 45. Qb7+ Ka5 46. Qd5+ Kb6 47.
Qd6+ Kb7 48. Qxf6 Qd2 49. Qe7+ Kc8 50. g5 Qf2+ 51. Kg4 Qe2+ 52. Kf5 Qd3+ 53. Kf6 Qc3+ 54. Kf7 1-0

[Event "*** Titled Tuesday Blitz"]
[Site "Chess.com"]
[Date "2021.02.09"]
[Round "3"]
[White "Brave_spirit12"]
[Black "poppy73"]
[Result "1-0"]
[WhiteElo "2483"]
[BlackElo "2226"]
[TimeControl "180+1"]
[EndTime "10:29:01 PST"]
[Termination "Brave_spirit12 won by resignation"]

1. e4 c5 2. c3 Nf6 3. e5 Nd5 4.
d4 cxd4 5. cxd4 e6 6. Nf3 Nc6 7. Nc3 Nxc3 8. bxc3 d6 9. Bd3 dxe5 10. Nxe5 Nxe5 11. dxe5 Be7 12. O-O O-O 13. Qf3 Qc7 14. Bf4 Bd7 15. h4 Bc6 16. Qg3 Rad8 17. Bh6 g6 18. Bxf8 Bxf8 19. Rfd1 Bg7 20. f4 h5 21. Be2 Bd5 22. c4 Bxc4 23. Bxc4 Rxd1+ 24. Rxd1 Qxc4 25. Qf2 Bf8 26. Kh2 Bh6 27. g3 Bf8 28.
Rd2 Bc5 29. Rc2 Bxf2 30. Rxc4 b6 31. Rc8+ Kg7 32. Rc7 a5 33. Kg2 Bc5 34. a4 Bd4 35. Kf3 Bc5 36. g4 hxg4+ 37. Kxg4 Bf2 38. h5 gxh5+ 39.
Kxh5 Be3 40. Kg4 Bf2 41. f5 exf5+ 42. Kf3 Bc5 43. e6 Kf8 44. Rxf7+ Ke8 45. Kf4 Bd6+ 46. Kxf5 Be7 47. Rh7 Bc5 48. Ke5 Be7 49. Kd5 Bc5 50. Kc6 Bd4 51. Rb7 Bc5 52. Rxb6 Bxb6 53. Kxb6 Ke7 54. Kxa5 Kxe6 55. Kb6 Kd7 56. Kb7 Kd6 57. a5 1-0

[Event "*** Titled Tuesday Blitz"]
[Site "Chess.com"]
[Date "2021.02.09"]
[Round "3"]
[White "WPWPWP-2015"]
[Black "Rozum_Ivan"]
[Result "0-1"]
[WhiteElo "2489"]
[BlackElo "2737"]
[TimeControl "180+1"]
[EndTime "10:29:02 PST"]
[Termination "Rozum_Ivan won by resignation"]

1. e4 c5 2. Nf3 e6 3. b3 Nc6 4. Bb5 Nge7 5. Bb2 a6 6. Bxc6 Nxc6 7. c4 Be7 8. O-O O-O 9. d4 cxd4 10. Nxd4 Nxd4 11.
Bxd4 b5 12. cxb5 axb5 13. Nc3 b4 14. Na4 Bb7 15. e5 Qa5 16. Bb6 Qb5 17. Qd4 Rfc8 18. Rfc1 f6 19. Bc5 fxe5 20. Qe3 d6 21. Bb6 h6 22.
Rxc8+ Rxc8 23. Rc1 Rc6 24. Rxc6 Qxc6 25. f3 Bg5 26. Qe1 Qc2 27. Be3 Bxe3+ 28. Qxe3 Qb1+ 29. Kf2 Qxa2+ 30. Kg3 Bc6 31. Qa7 Bxa4 32. bxa4 b3 33. Qa8+ Kf7 34. Qb7+ Kf6 35. Qb8 b2 36. Qf8+ Kg6 37. Qe8+ Kh7 38. a5 b1=Q 39. h4 Qg6+ 0-1

[Event "*** Titled Tuesday Blitz"]
[Site "Chess.com"]
[Date "2021.02.09"]
[Round "3"]
[White "Anton_Demchenko"]
[Black "xberli"]
[Result "1-0"]
[WhiteElo "2858"]
[BlackElo "2464"]
[TimeControl "180+1"]
[EndTime "10:29:02 PST"]
[Termination "Anton_Demchenko won on time"]

1. e4 d5 2. exd5 c6 3. dxc6 Nxc6 4. Nf3 Nf6 5. d4 g6 6. Be2 Bg7 7. O-O O-O 8. c3 Qc7 9. h3 Rd8 10. Be3 e5 11. Nbd2 h6 12. Nxe5 Nxe5 13. dxe5 Nd5 14. Bd4 Nf4 15. Nf3 Bxh3 16. gxh3 Qc8 17. Ne1 Qxh3 18. Bg4 Qh4 19. Ng2 Nxg2 20. Kxg2 h5 21. Bh3 Bxe5 22. Qf3 Qg5+ 23. Kh1 Bxd4 24. cxd4 Rxd4 25.
Qg3 Qf6 26. Rad1 Rad8 27. Rxd4 Rxd4 28. a3 Rd2 29. b4 Rd4 30. Re1 Rf4 31. Kg1 Kg7 32.
Re3 h4 33. Qg2 Qa1+ 34. Qf1 Qf6 35. Qe2 Qg5+ 36. Kf1 Qf6 37. Re8 1-0

[Event "*** Titled Tuesday Blitz"]
[Site "Chess.com"]
[Date "2021.02.09"]
[Round "3"]
[White "SaraciNderim"]
[Black "grunbergmihai"]
[Result "0-1"]
[WhiteElo "2791"]
[BlackElo "2476"]
[TimeControl "180+1"]
[EndTime "10:29:04 PST"]
[Termination "grunbergmihai won by resignation"]

1. d4 f5 2. g3 Nf6 3. Bg2 g6 4. c3 Bg7 5. Qb3 c6 6. h4 Qb6 7. Nh3 Qxb3 8. axb3 d6 9. b4 e5 10.
dxe5 dxe5 11. b5 O-O 12. bxc6 Nxc6 13. O-O h6 14. Na3 Be6 15. Be3 a6 16. Nc2 Rfd8 17. Bxc6 bxc6 18. Kg2 Ng4 19. Rfd1 Rxd1 20. Rxd1 Bb3 21.
Rd2 Bxc2 22. Rxc2 Nxe3+ 23. fxe3 a5 24. e4 Kf7 25. Nf2 Ke6 26. exf5+ gxf5 27. e4 a4 28. Nd3 fxe4 29. Nf2 e3 30. Ng4 Kd5 31. Kf3 Kc4 32.
Nxe3+ Kd3 33. Rf2 e4+ 34. Kf4 Rf8+ 35. Nf5 e3 36. Rf3 Kd2 37. Ke4 Rxf5 38. Rxf5 e2 39. Rf2 Kd1 40. Rxe2 Kxe2 41. Kf5 Bxc3 42. g4 0-1

[Event "*** Titled Tuesday Blitz"]
[Site "Chess.com"]
[Date "2021.02.09"]
[Round "3"]
[White "esteban062000"]
[Black "ferdipy"]
[Result "0-1"]
[WhiteElo "2138"]
[BlackElo "2333"]
[TimeControl "180+1"]
[EndTime "10:29:04 PST"]
[Termination "ferdipy won by checkmate"]

1. Nf3 Nf6 2. c4 e6 3. g3 d5 4. b3 c6 5. Bg2 Be7 6. O-O O-O 7. Bb2 Nbd7 8. d3 b6 9. Nbd2 Bb7 10. Rc1 Rc8 11.
cxd5 cxd5 12. Rxc8 Qxc8 13. Qa1 Qa8 14. Rc1 Rc8 15.
Nd4 Bf8 16. N2f3 e5 17. Nb5 e4 18. dxe4 dxe4 19. Ne5 e3 20. Rxc8 exf2+ 21. Kxf2 Qxc8 22. Nxa7 Qb8 23. Nxd7 Nxd7 24. Bxb7 Qxb7 25. Nb5 Nc5 26. Nc3 Qd7 27. Qd1 Qf5+ 28. Kg1 h5 29. Nd5 Ne4 30. Nf4 h4 31. Qd5 Qxd5 32. Nxd5 hxg3 33. hxg3 Nxg3 34. Kf2 Nf5 35. e4 Nh6 36. Nxb6 Bc5+ 37. Kf3 Bxb6 38. a4 f6 39. Bc3 Nf7 40.
b4 Ba7 41. a5 Ne5+ 42. Bxe5 fxe5 43. Kg4 Bd4 44. Kf5 Bc3 45. a6 Bd4 46. b5 Kf7 47.
Kg4 Kf6 48. Kh5 g5 49. Kg4 Kg6 50. Kg3 Kh5 51. Kh3 g4+ 52. Kg3 Kg5 53. Kg2 Kf4 54.
Kh2 g3+ 55. Kg2 Kg4 56. Kh1 Kh3 57. b6 g2# 0-1

[Event "*** Titled Tuesday Blitz"]
[Site "Chess.com"]
[Date "2021.02.09"]
[Round "3"]
[White "MuhittinBuker"]
[Black "Etud-otradnoe"]
[Result "0-1"]
[WhiteElo "2059"]
[BlackElo "2310"]
[TimeControl "180+1"]
[EndTime "10:29:04 PST"]
[Termination "Etud-otradnoe won by resignation"]

1. d4 d5 2. c4 dxc4 3. Nc3 a6 4. a4 e5 5. dxe5 Qxd1+ 6. Nxd1 Nc6 7. Nf3 Bb4+ 8. Bd2 Nge7 9. e3 Be6 10. Rc1 Bxd2+ 11.
Nxd2 Nxe5 12. Nxc4 N5c6 13. Be2 O-O 14. O-O b5 15. axb5 axb5 16. Na3 b4 17. Nb5 Rac8 18. Bf3 Ne5 19. Rxc7 Rxc7 20. Nxc7 Bc4 21. Re1 Rc8 22.
e4 Rxc7 23. Ne3 Nxf3+ 24. gxf3 Be6 25. Ra1 g5 26. Kg2 b3 27. Ra5 h6 28. Kg3 Rc1 29.
f4 gxf4+ 30. Kxf4 Ng6+ 31. Kf3 Rb1 32. Nf5 Rxb2 33. Nxh6+ Kh7 34. Nf5 Ra2 35. Rb5 b2 36.
Nd4 Ne5+ 37. Kf4 Nc4 38. Nxe6 fxe6 39. Kg5 Ra5 0-1

[Event "*** Titled Tuesday Blitz"]
[Site "Chess.com"]
[Date "2021.02.09"]
[Round "3"]
[White "KuzubovYuriy"]
[Black "aa175"]
[Result "1-0"]
[WhiteElo "2826"]
[BlackElo "2599"]
[TimeControl "180+1"]
[EndTime "10:29:05 PST"]
[Termination "KuzubovYuriy won by resignation"]

1. d4 Nf6 2. Nf3 g6 3. Nbd2 d5 4. e3 Bg7 5. b4 O-O 6. Bb2 a5 7.
b5 c5 8. c4 cxd4 9. Bxd4 Nbd7 10. Be2 b6 11. O-O Bb7 12. Rc1 Rc8 13. Rc2 Nc5 14. Qa1 Ne6 15. Be5 dxc4 16. Nxc4 Nd5 17. Bxg7 Nxg7 18. Nfe5 f6 19. Nc6 Bxc6 20. bxc6 Rxc6 21.
Rd2 b5 22. Na3 b4 23. Nc4 Nc3 24. Rxd8 Nxe2+ 25. Kh1 Rxd8 26. Nxa5 Rc2 27. Qb1 Rdd2 28. Nb3 Nc3 29. Qa1 Rxa2 30. Nxd2 Rxa1 31. Rxa1 Ne6 32. Ra8+ Kf7 33. Rb8 Nd5 34. e4 Nc3 35. Rxb4 Nd1 36.
Kg1 Nf4 37. Rb3 Ne2+ 38. Kf1 Nd4 39. Rd3 e5 40. Nc4 Nc3 41. Rxc3 Ke6 42. Ra3 f5 43. Ra6+ Kf7 44. Nxe5+ Ke7 45. exf5 Nxf5 46. g4 Nh4 47. f4 g5 48. f5 h5 49. f6+ Kd8 50. f7 Ng6 51. Nxg6 1-0

[Event "*** Titled Tuesday Blitz"]
[Site "Chess.com"]
[Date "2021.02.09"]
[Round "3"]
[White "Sergienko_Sergey"]
[Black "PrinceMurad09"]
[Result "1/2-1/2"]
[WhiteElo "2375"]
[BlackElo "2540"]
[TimeControl "180+1"]
[EndTime "10:29:05 PST"]
[Termination "Game drawn by repetition"]

1. e4 c5 2. Nf3 g6 3. c3 Bg7 4. d4 cxd4 5. cxd4 d5 6. exd5 Nf6 7. Bb5+ Nbd7 8. Nc3 O-O 9. O-O a6 10. Ba4 b5 11. Bb3 Nb6 12. Re1 Bb7 13. Bg5 h6 14. Bh4 g5 15. Bg3 Nfxd5 16. Ne4 f5 17.
Nc5 Bc8 18. Be5 g4 19. Nh4 Bxe5 20. Rxe5 Qd6 21. Qd3 Nc4 22. Bxc4 bxc4 23. Qxc4 e6 24. Rae1 Rf6 25. g3 Rb8 26. b3 Rb4 27. Ne4 fxe4 28. Qxc8+ Rf8 29. Qxe6+ Qxe6 30. Rxe6 Nc3 31. Rxh6 Rxd4 32.
Rg6+ Kh7 33. Rxg4 Rd2 34. Rf4 Rxf4 35. gxf4 Rxa2 36. Re3 Ne2+ 37. Kg2 Nxf4+ 38. Kg3 Nh5+ 39. Kg4 Nf6+ 40. Kg3 a5 41. f3 exf3 42. Rxf3 Kg7 43. Nf5+ Kg6 44. Ne7+ Kg7 45. Nf5+ Kg6 46. Ne7+ Kg7 47.
Nf5+ 1/2-1/2

[Event "*** Titled Tuesday Blitz"]
[Site "Chess.com"]
[Date "2021.02.09"]
[Round "3"]
[White "karinachess1"]
[Black "rachidhuilda"]
[Result "1-0"]
[WhiteElo "2518"]
[BlackElo "2294"]
[TimeControl "180+1"]
[EndTime "10:29:05 PST"]
[Termination "karinachess1 won on time"]

1. e4 d5 2. exd5 Qxd5 3. Nc3 Qa5 4. d4 c6 5. Nf3 Nf6 6. Bc4 Bf5 7. Bd2 e6 8. Nd5 Qd8 9. Nxf6+ gxf6 10. c3 Nd7 11.
Qe2 Qc7 12. Nh4 Bg6 13. Nxg6 hxg6 14. h3 O-O-O 15. O-O-O Kb8 16. Kb1 c5 17. dxc5 Nxc5 18. Bf4 e5 19. Rxd8+ Qxd8 20. Be3 Qc7 21. Rd1 Ne6 22. Bb5 Bd6 23. Qc4 Rd8 24. Qxc7+ Bxc7 25. Rxd8+ Nxd8 26. Be8 Bd6 27. h4 a6 28. g4 f5 29.
h5 gxh5 30. gxh5 f4 31. Bb6 Ne6 32. h6 Ng5 33. Bd8 Nh7 34. Bxf7 e4 35. Bg8 e3 36. fxe3 f3 37. Bxh7 Bg3 38. Bd3 f2 39. h7 1-0

[Event "*** Titled Tuesday Blitz"]
[Site "Chess.com"]
[Date "2021.02.09"]
[Round "3"]
[White "TheCairnTerrier"]
[Black "Sokoloco"]
[Result "0-1"]
[WhiteElo "2168"]
[BlackElo "2478"]
[TimeControl "180+1"]
[EndTime "10:29:05 PST"]
[Termination "Sokoloco won on time"]

1. e4 g6 2. d4 Bg7 3. Nc3 d6 4.
f4 Nf6 5. Nf3 O-O 6. Bc4 c6 7. e5 dxe5 8. fxe5 Nd5 9. Nxd5 cxd5 10. Bd3 f6 11. O-O Nc6 12. exf6 exf6 13. c3 Be6 14. Bf4 Qd7 15. Qd2 Bf5 16. Bxf5 Qxf5 17. Bd6 Rfe8 18. Rae1 Qd7 19. Ba3 Re4 20. Rxe4 dxe4 21.
Ne1 f5 22. Qf4 Re8 23. Nc2 Ne7 24. Ne3 Nd5 25. Nxd5 Qxd5 26. Qc7 Qf7 27. Qd6 Bf8 28. Qf4 Bxa3 29. bxa3 Qxa2 30. Qc7 Qf7 31. Qf4 Qc4 32. h3 Qxc3 33. Qd6 Qc4 34. Rb1 Qf7 35. Rc1 Qe6 36. Qb4 e3 0-1

[Event "*** Titled Tuesday Blitz"]
[Site "Chess.com"]
[Date "2021.02.09"]
[Round "3"]
[White "Shuvalov"]
[Black "jaramsdal"]
[Result "1-0"]
[WhiteElo "2517"]
[BlackElo "2304"]
[TimeControl "180+1"]
[EndTime "10:29:05 PST"]
[Termination "Shuvalov won on time"]

1. Nf3 Nf6 2. c4 g6 3. Nc3 d5 4.
d4 Bg7 5. h4 Bg4 6. Ne5 Bf5 7.
h5 gxh5 8. Bg5 Ne4 9. Nxe4 dxe4 10. e3 Bxe5 11. dxe5 Qxd1+ 12. Rxd1 Nc6 13. Be2 Nxe5 14. Rxh5 Bg6 15. Rh4 Nd3+ 16. Bxd3 exd3 17. e4 O-O-O 18. f3 Rd4 19. b3 f5 20. Bxe7 Re8 21. Bc5 Rd7 22.
Kf2 fxe4 23. f4 b6 24. Be3 Rf7 25. g4 Ref8 26. Kg3 c5 27. f5 Bxf5 28. gxf5 Rxf5 29. Rxe4 Rf3+ 30. Kg2 R3f5 31. Rxd3 h5 32. Rd5 Rxd5 33. cxd5 Rf5 34. d6 Kd7 35. Bf4 a5 36. Bg3 Rf7 37.
Rh4 Rh7 38. Kh3 b5 39. Re4 1-0

[Event "*** Titled Tuesday Blitz"]
[Site "Chess.com"]
[Date "2021.02.09"]
[Round "3"]
[White "Susik_Gaboyan"]
[Black "mamonika"]
[Result "0-1"]
[WhiteElo "2282"]
[BlackElo "2032"]
[TimeControl "180+1"]
[EndTime "10:29:06 PST"]
[Termination "mamonika won on time"]

1. Nf3 d5 2. g3 g6 3. Bg2 Bg7 4. O-O Nf6 5. d3 O-O 6. Nbd2 c5 7. e4 Nc6 8. c3 e5 9. Qe2 Re8 10. exd5 Nxd5 11. Nc4 Bf5 12. Bg5 Qd7 13. Rad1 h6 14.
Bc1 Bh3 15. Ne3 Bxg2 16. Kxg2 Rad8 17. Nxd5 Qxd5 18. Qe4 Qxa2 19. Rfe1 Qd5 20. Qxd5 Rxd5 21. Re2 e4 22. Rde1 exf3+ 23. Kxf3 Rxe2 24. Rxe2 Rxd3+ 25. Kg2 Ne5 26. Bf4 Nc4 27. Bb8 a5 28. Ba7 b6 29.
Bb8 Kh7 30. Bf4 a4 31. Bc7 b5 32. Bb8 b4 33. Ba7 bxc3 34. bxc3 Rxc3 35. Bxc5 a3 36.
Bb4 Rb3 37. Be1 Rb2 38. Rxb2 a2 0-1

[Event "*** Titled Tuesday Blitz"]
[Site "Chess.com"]
[Date "2021.02.09"]
[Round "3"]
[White "Ze-Pequeno"]
[Black "Das_Virus_2020"]
[Result "0-1"]
[WhiteElo "2231"]
[BlackElo "2442"]
[TimeControl "180+1"]
[EndTime "10:29:07 PST"]
[Termination "Das_Virus_2020 won on time"]

1. e4 e6 2. d4 d5 3. Nc3 Nf6 4. Bg5 Be7 5. e5 Nfd7 6. h4 c5 7.
Bxe7 Kxe7 8. Qg4 Kf8 9. dxc5 Nxe5 10. Qg3 Nbc6 11. O-O-O Qe7 12. f4 Nd7 13. Nf3 Nxc5 14. f5 h6 15. Bb5 a6 16. Bxc6 bxc6 17. Rde1 Kg8 18. Rhf1 Kh7 19. Ne5 Rg8 20. Nxc6 Qb7 21. Ne5 Ne4 22. Nxe4 dxe4 23. Qf4 exf5 24. h5 Be6 25. b3 Rac8 26. g4 fxg4 27. Rxe4 Qc7 28. Re2 Qc3 29. Kb1 Rgf8 30. Qe4+ Kh8 31. Rg1 a5 32.
Re3 Qc5 33. Nxg4 Bxg4 34. Rxg4 Qxh5 35. Kb2 f6 36. Rg2 Rfe8 0-1

[Event "*** Titled Tuesday Blitz"]
[Site "Chess.com"]
[Date "2021.02.09"]
[Round "3"]
[White "Anurag328"]
[Black "dosto07"]
[Result "1-0"]
[WhiteElo "2646"]
[BlackElo "2420"]
[TimeControl "180+1"]
[EndTime "10:29:08 PST"]
[Termination "Anurag328 won on time"]

1. c4 e5 2. g3 Nf6 3. Bg2 d5 4. cxd5 Nxd5 5. Nc3 Nb6 6. Nf3 Nc6 7. a3 Be7 8. d3 O-O 9. Be3 Be6 10. Rc1 Nd5 11. Nxd5 Bxd5 12. O-O a5 13. Qa4 Bf6 14. Nd2 Bxg2 15.
Kxg2 Nd4 16. Bxd4 exd4 17. Qb5 Ra7 18. Ne4 Be7 19. Qe5 c6 20. Rc4 Re8 21. Rxd4 Qc8 22. Rc1 f5 23. Nd6 Bxd6 24. Qxd6 Rxe2 25. b4 axb4 26. axb4 Raa2 27. Rf4 Qe6 28. Qb8+ Qe8 29. Qxb7 h6 30. Rxf5 Qe3 31. Qb8+ Kh7 32. Rf1 Qxd3 33. Qf4 Qd7 34. h4 Qe6 35. h5 Re4 36. Qf3 Ree2 37. Rf4 Qe4 38. Rxe4 Rxe4 39. Qxe4+ 1-0

[Event "*** Titled Tuesday Blitz"]
[Site "Chess.com"]
[Date "2021.02.09"]
[Round "3"]
[White "Hangar-18"]
[Black "Federtiu"]
[Result "0-1"]
[WhiteElo "2385"]
[BlackElo "2571"]
[TimeControl "180+1"]
[EndTime "10:29:08 PST"]
[Termination "Federtiu won by checkmate"]

1. b3 g6 2. Bb2 Nf6 3. Bxf6 exf6 4. c4 b6 5. Nf3 Bb7 6. Nc3 f5 7. e3 f4 8. Be2 fxe3 9. dxe3 Bg7 10. Rc1 O-O 11. O-O a5 12. Qd2 Na6 13. Rfd1 Nc5 14. Nd5 Bxd5 15. Qxd5 Qe7 16. Nd4 Kh8 17. g3 f5 18. Nf3 Rfe8 19. Bf1 Rad8 20. h4 a4 21. b4 Ne4 22. a3 Nc3 23. Rxc3 Bxc3 24. Ng5 Kg7 25. Bg2 Bf6 26. Nh3 Qe5 27. Nf4 Qxd5 28. Nxd5 Be5 29. f4 Bd6 30. Kf2 Re6 31. Nc3 Rde8 32. Rd3 c6 33. Nxa4 b5 34. cxb5 cxb5 35. Nc3 Rb8 36. Rd5 Rc8 37. Nxb5 Rc2+ 38. Kf3 Be7 39.
Rxd7 Rb2 40. Bf1 Rb3 41. Bd3 Kh6 42. Ke2 Bf6 43. Nd4 Bxd4 44. Rxd4 Rxa3 45. b5 Ra2+ 46. Kf3 Rb2 47. g4 fxg4+ 48. Kxg4 Rxe3 49. Rd5 Rg2# 0-1

[Event "*** Titled Tuesday Blitz"]
[Site "Chess.com"]
[Date "2021.02.09"]
[Round "3"]
[White "ChessFighter1975"]
[Black "lacafi"]
[Result "1-0"]
[WhiteElo "2427"]
[BlackElo "2212"]
[TimeControl "180+1"]
[EndTime "10:29:08 PST"]
[Termination "ChessFighter1975 won on time"]

1. d4 f5 2. g3 Nf6 3. Bg2 g6 4. Nf3 Bg7 5. O-O O-O 6. c4 d6 7. b3 c6 8. Bb2 Nbd7 9. Nbd2 Qe8 10.
Qc2 e5 11. dxe5 dxe5 12. e4 f4 13. c5 Kh8 14. Nc4 Ng4 15. Rad1 Qe7 16. h3 Nh6 17. g4 Nf7 18. Nd6 Nxd6 19. Rxd6 Re8 20. Rfd1 Nf8 21. Qd2 h5 22. g5 a5 23. a3 Rb8 24.
Qxa5 Bd7 25. Qc7 Rbd8 26. Qxb7 Rb8 27. Qa7 Rxb3 28. Rxd7 Nxd7 29. Rxd7 Qf8 30. Bc1 Rb1 31. Rd1 Rd8 32. Re1 Ra8 33. Qd7 Qxc5 34. Bd2 Rxe1+ 35. Bxe1 Qc1 36. Kh2 Rxa3 37. Qe8+ Kh7 38. Nh4 1-0

[Event "*** Titled Tuesday Blitz"]
[Site "Chess.com"]
[Date "2021.02.09"]
[Round "3"]
[White "DarZay"]
[Black "lucachess49"]
[Result "0-1"]
[WhiteElo "2128"]
[BlackElo "2330"]
[TimeControl "180+1"]
[EndTime "10:29:08 PST"]
[Termination "lucachess49 won by resignation"]

1. e4 e5 2. Nf3 Nc6 3. Bc4 Nf6 4. d3 Be7 5. c3 O-O 6. Bb3 d6 7. O-O Na5 8. Bc2 c5 9. Nbd2 Nc6 10. Re1 h6 11. Nf1 Re8 12. Ng3 Bf8 13. Nf5 Bxf5 14.
exf5 d5 15. Nh4 Be7 16. f4 e4 17. dxe4 dxe4 18. Qxd8 Raxd8 19. g3 c4 20. Be3 Ng4 21. Ng2 Nxe3 22. Nxe3 Bc5 23. Kf1 Rd2 24. Ba4 Rxb2 25. Nxc4 Rf2+ 26. Kg1 Rxf4+ 27. Kh1 Rxf5 28. Bc2 Rf3 29.
Bxe4 Rxc3 30. Bxc6 Rxe1+ 31. Rxe1 bxc6 32. Re8+ Kh7 33. Ne5 Rc1+ 34. Kg2 Rc2+ 35. Kh3 f5 36. g4 fxg4+ 37.
Kxg4 Bd6 38. Nf7 Bxh2 39. Kf5 Rc5+ 40. Ke6 Kg6 41. Ne5+ Rxe5+ 42. Kd7 Rxe8 43. Kxe8 c5 0-1

[Event "*** Titled Tuesday Blitz"]
[Site "Chess.com"]
[Date "2021.02.09"]
[Round "3"]
[White "Walter_White_Poland"]
[Black "WiktoriaPOL"]
[Result "0-1"]
[WhiteElo "2283"]
[BlackElo "2029"]
[TimeControl "180+1"]
[EndTime "10:29:08 PST"]
[Termination "WiktoriaPOL won on time"]

1. e4 d5 2. exd5 Nf6 3. d4 Bg4 4. Bb5+ Nbd7 5. f3 Bf5 6. c4 a6 7. Ba4 b5 8. cxb5 Nxd5 9. Ne2 N5b6 10. bxa6 Rxa6 11. Bb5 Ra5 12. Nbc3 Nd5 13. O-O g6 14. Nxd5 Rxb5 15. Nec3 Rb8 16. Bf4 Rb7 17. Qa4 Bg7 18. Qc6 Bxd4+ 19. Kh1 Ra7 20. Nxc7+ Kf8 21. Rad1 Bxc3 22.
bxc3 e5 23. Qc5+ Nxc5 24. Rxd8+ Kg7 25. Bxe5+ f6 26. Bxf6+ Kxf6 27. Rxh8 Rxc7 28. g4 Bd3 29. h4 Bxf1 30. Kh2 Be2 31. Kg3 Kg7 32. Rd8 Rf7 33. f4 Bd3 34. g5 Bf5 35. Rd6 Ne4+ 0-1

[Event "*** Titled Tuesday Blitz"]
[Site "Chess.com"]
[Date "2021.02.09"]
[Round "3"]
[White "PotapovaM"]
[Black "CzechmVIII"]
[Result "1-0"]
[WhiteElo "2634"]
[BlackElo "2260"]
[TimeControl "180+1"]
[EndTime "10:29:09 PST"]
[Termination "PotapovaM won by checkmate"]

1. d4 Nf6 2. c4 c5 3. d5 b5 4. cxb5 a6 5. bxa6 g6 6. Nc3 Bxa6 7. e4 Qa5 8. Bd2 Bxf1 9. Kxf1 d6 10. Nf3 Bg7 11. g3 O-O 12. Kg2 Qb4 13. Qc2 Na6 14. a4 Rfb8 15. Rab1 Qb3 16. Qc1 Nb4 17. Qf1 Nc2 18.
Bg5 Nd4 19. Nd2 Qb7 20. Qc4 Ng4 21. Rhd1 h6 22. Be3 Nxe3+ 23. fxe3 Nb3 24. Nf3 Na5 25. Qd3 c4 26. Qc2 Rc8 27. Nd4 Qd7 28. Rf1 Rab8 29. Qf2 Rf8 30. Ncb5 f5 31. exf5 Nb7 32. Qc2 Nc5 33.
fxg6 Rxf1 34. Rxf1 Qg4 35. Rf4 Qd7 36. Qxc4 Rc8 37.
Qf1 Qe8 38. Rg4 Be5 39. Nc6 Qd7 40. Qf7+ Kh8 41. Qh7# 1-0

[Event "*** Titled Tuesday Blitz"]
[Site "Chess.com"]
[Date "2021.02.09"]
[Round "3"]
[White "suyu28"]
[Black "ChristopherYoo"]
[Result "0-1"]
[WhiteElo "2643"]
[BlackElo "2886"]
[TimeControl "180+1"]
[EndTime "10:29:10 PST"]
[Termination "ChristopherYoo won on time"]

1. e4 c5 2. Nf3 Nc6 3. g3 g6 4. Bg2 Bg7 5. O-O d6 6. h3 Nf6 7.
Re1 O-O 8. c3 e5 9. d4 exd4 10.
cxd4 cxd4 11. Nxd4 Nxd4 12. Qxd4 Be6 13. Qd1 d5 14. e5 Ne4 15. Nc3 Nxc3 16. bxc3 Qc7 17. Ba3 Rfc8 18. Bd6 Qd7 19. Bxd5 Rxc3 20. Rb1 Bxd5 21.
Qxd5 Rc6 22. Red1 Rd8 23. Qf3 Qc8 24. Kg2 Re8 25. Rd5 b6 26. Rbd1 Rc2 27. h4 h5 28.
R1d2 Rxd2 29. Rxd2 Bxe5 30. Bxe5 Rxe5 31. Qf6 Re8 32.
Kh2 Qe6 33. Qf4 Kg7 34. Qd4+ Qf6 35. Qa4 Re7 36. Qd1 a5 37. Kg1 b5 38. Rd5 Qc3 39. Kg2 Qc4 40. Qd2 Re2 0-1

[Event "*** Titled Tuesday Blitz"]
[Site "Chess.com"]
[Date "2021.02.09"]
[Round "3"]
[White "shaheus"]
[Black "SirStrateg"]
[Result "0-1"]
[WhiteElo "2397"]
[BlackElo "2579"]
[TimeControl "180+1"]
[EndTime "10:29:10 PST"]
[Termination "SirStrateg won on time"]

1. e4 d6 2. Nf3 Nf6 3. Nc3 c6 4. d4 Bg4 5. h3 Bh5 6. Be2 e6 7. Be3 d5 8. exd5 cxd5 9. O-O Nc6 10. Re1 Be7 11. a3 a6 12. Ne5 Bxe2 13. Nxe2 Qb6 14. b4 Rc8 15. Ng3 O-O 16. Qd3 Qb5 17. Qxb5 axb5 18. c3 Ra8 19. Nxc6 bxc6 20. Bf4 Ra7 21. Re2 Rfa8 22. Rea2 g6 23. f3 Ne8 24. Ne2 f6 25. Nc1 Nd6 26. Bxd6 Bxd6 27. Nd3 e5 28. Nc5 Kf7 29.
Kf2 h5 30. Ke3 g5 31. Kd3 Kg6 32. Kc2 g4 33. hxg4 hxg4 34. Kb3 gxf3 35. gxf3 Kf5 36. Rh1 Rg8 37. a4 Bxc5 38. bxc5 bxa4+ 39. Rxa4 Rb8+ 40. Rb4 Rxb4+ 41. Kxb4 Rb7+ 42. Ka4 e4 43. fxe4+ Kxe4 44. Rh6 Rf7 45. Ka5 Kd3 46. Kb6 Kxc3 47.
Kxc6 Kxd4 48. Kd6 f5 49. c6 f4 50. c7 Rf8 0-1

[Event "*** Titled Tuesday Blitz"]
[Site "Chess.com"]
[Date "2021.02.09"]
[Round "3"]
[White "ybruned"]
[Black "GP9isback23"]
[Result "0-1"]
[WhiteElo "2294"]
[BlackElo "2519"]
[TimeControl "180+1"]
[EndTime "10:29:10 PST"]
[Termination "GP9isback23 won on time"]

1. b3 c5 2. Bb2 d6 3. e3 Nd7 4. Nf3 Ngf6 5. d4 g6 6. Be2 Bg7 7. O-O O-O 8. Nbd2 cxd4 9. Nxd4 Nc5 10. c4 Bd7 11. Rc1 Rc8 12. a3 a6 13. b4 Ne6 14.
N2f3 Qc7 15. Qd3 Rfd8 16. Qb1 Bc6 17. Nxe6 fxe6 18. c5 Qd7 19. Rfd1 Qe8 20. cxd6 exd6 21. Qa1 Nh5 22. Bxg7 Nxg7 23. Nd4 Bd5 24. Bf3 Bxf3 25.
Nxf3 Qe7 26. Rxc8 Rxc8 27. Rc1 Qd7 28. h3 e5 29. Rxc8+ Qxc8 30. Qa2+ Qe6 31. Qc2 h6 32.
Qc7 Qd5 33. Qc2 Kh7 34. e4 Qf7 35. Qd3 Qe7 36. g3 Ne6 37. Kg2 Kg7 38. h4 Nc7 39. Qc4 Nb5 40. a4 Nc7 41. b5 axb5 42. axb5 Ne6 43. Qc8 Nc5 44. b6 Qd7 45.
Qc7 Kf7 0-1

[Event "*** Titled Tuesday Blitz"]
[Site "Chess.com"]
[Date "2021.02.09"]
[Round "3"]
[White "MVM2008"]
[Black "ZivkovicN"]
[Result "1-0"]
[WhiteElo "2127"]
[BlackElo "2457"]
[TimeControl "180+1"]
[EndTime "10:29:10 PST"]
[Termination "MVM2008 won by resignation"]

1. e4 c5 2. Nf3 d6 3. d4 cxd4 4. Nxd4 Nf6 5. Nc3 a6 6. Bc4 e6 7.
Be3 b5 8. Bb3 Be7 9. f3 Bb7 10.
Bxe6 fxe6 11. Nxe6 Qc8 12. Nxg7+ Kf7 13. Nf5 Nbd7 14. g4 b4 15. Ne2 Ne5 16. Ned4 Nc4 17. Bg5 h5 18. Nxe7 Kxe7 19. Nf5+ Kf7 20. b3 Re8 21. bxc4 Nxe4 22. O-O Kg6 23. fxe4 Bxe4 24. Qxd6+ Re6 25. Ne7+ Kxg5 26. Nxc8 Rxd6 27. Nxd6 Bc6 28. c5 a5 29. gxh5 Ra7 30. Rf5+ Kh6 31. Raf1 Rg7+ 32. Kf2 Rg2+ 33. Ke1 Rxc2 34. Rf6+ Kxh5 35. R1f5+ Kg4 36. Rg6+ Kh4 37. Rf4+ Kh5 38. Rgf6 Rxc5 39. R6f5+ Rxf5 40. Rxf5+ Kg6 41. Rb5 Kf6 42. Rxa5 Ke6 43. Nc4 1-0